 Dungeon Crawl Stone Soup version 0.31-a0-574-g69dc8cc98e (webtiles) character file.

Game seed: 13621646828714806160

82 Xavori the Cutter (level 4, -4/30 (36) HPs)
             Began as an Octopode Chaos Knight on Aug 18, 2023.
             Was a Plaything of Xom.
             Slain by a gnoll
             ... wielding a +0 spear
              (5 damage)
             ... on level 2 of the Dungeon.
             The game lasted 00:01:41 (9945 turns).

Xavori the Cutter (Octopode Chaos Knight)           Turns: 9945, Time: 00:01:42

HP:   -4/30 (36)    AC:  1    Str: 19    XL:     4   Next: 43%
MP:   4/4           EV:  9    Int: 12    God:    Xom [.*....]
Gold: 9             SH: 10    Dex: 11    Spells: 3/3 levels left

rFire   . . .        k - +3 dagger (heavy)
rCold   . . .        o - +0 tower shield
rNeg    . . .        (helmet restricted)
rPois   .            (no amulet)
rElec   .            (no ring)
rCorr   .            (no ring)
SInv    .            (no ring)
Will    .....        (no ring)
Stlth   +++          (no ring)
HPRegen 0.25/turn    (no ring)
MPRegen 0.09/turn    (no ring)
                     (no ring)

%: no passive effects
@: heavily drained
A: almost no armour, amphibious, 8 rings, camouflage 1, gelatinous body 1,
(nimble swimmer 1), tentacles, sense surroundings 1, robust 1, strong 2, wild
magic 1, evolution 1
a: Renounce Religion


You were on level 2 of the Dungeon.
You worshipped Xom.
You were a plaything of Xom.
You visited 1 branch of the dungeon, and saw 2 of its levels.

You collected 42 gold pieces.
You spent 33 gold pieces at shops.

Inventory:

Hand Weapons
 a - a +0 short sword of chaos
 k - a +3 heavy dagger (weapon)
Armour
 o - a +0 tower shield (worn)
Scrolls
 b - a scroll of butterflies
 e - a scroll of fear {unknown}
 f - 4 scrolls of teleportation
 h - a scroll of poison {unknown}
 i - 2 scrolls of identify {unknown}
 l - a scroll of amnesia {unknown}
 m - a scroll of enchant armour {unknown}
 n - a scroll of vulnerability {unknown}
 p - a scroll of immolation {unknown}
Potions
 c - a potion of heal wounds {unknown}
 d - a potion of curing {unknown}
 g - a potion of attraction {unknown}
 j - a potion of degeneration {unknown}


   Skills:
 + Level 3.6 Fighting
 + Level 4.0 Short Blades
 + Level 2.8 Dodging
 + Level 2.0 Stealth


You had 3 spell levels left.
You didn't know any spells.
Your spell library contained the following spells:

 Spells                   Type           Power      Damage    Failure   Level
 Kiss of Death            Conj/Necr      0%         2d5       99%         1
 Confusing Touch          Hex            0%         N/A       100%        3
 Dispel Undead            Necr           0%         3d6       100%        4


Dungeon Overview and Level Annotations

Branches:
Dungeon (2/15)

Altars:
Xom

Shops:
D:2 (*


Innate Abilities, Weirdness & Mutations

You cannot wear most types of armour.
You are amphibious.
You can wear up to eight rings at the same time.
Your skin changes colour to match your surroundings (Stealth+).
Your rubbery body absorbs attacks. (AC +1, EV +1)
((You are camouflaged when in or above water. (Stealth+)))
You have tentacles for arms and can constrict up to eight enemies at once.
You passively map a small area around you.
You are robust. (+10% HP)
Your muscles are very strong. (Str +8, Int/Dex -2)
Your spells are a little harder to cast, but a little more powerful.
You have hidden genetic potential.


Message History

There is a stone staircase leading up here. "Heh heh heh..."
The bat looks rather confused.
The ball python looks rather confused.
The bat looks rather confused.
The bat hits you but does no damage.
The bat hits itself.
The bat hits you.
You climb upwards.
There is a stone staircase leading down here.
You see here a +0 dire flail.
You start resting.
HP restored.
You start waiting.
Done waiting.
You start waiting.
Done waiting.
You climb downwards.
The ball python bites you. You block the ball python's attack.
The bat hits you but does no damage. The ball python bites you.
The ball python grabs you. The ball python constricts you.
There is a stone staircase leading up here.
You hit the ball python. Your grab misses the ball python.
You squeeze the ball python.
You kill the ball python!
You block the bat's attack. x2; The bat closely misses you.
The gnoll hits you from afar with a +0 spear.
The bat puts on a burst of speed as it pursues you!
The bat closely misses you. The bat barely misses you.
The gnoll hits you with a +0 spear!
You closely miss the bat. Your grab misses the bat.
Your squeeze misses the bat. The bat hits you. You block the bat's attack.
The gnoll hits you from afar with a +0 spear!
* * * LOW HITPOINT WARNING * * *
You block the bat's attack.
A gnoll comes into view. It is wielding a +0 flail.
You barely miss the bat. You grab the bat. You constrict the bat.
The bat closely misses you. You block the bat's attack. x2
The bat barely misses you. The gnoll hits you with a +0 spear!
* * * LOW HITPOINT WARNING * * *
The gnoll hits you from afar with a +0 spear.
You die...
Xom thinks this is hilarious!

........#######..# .#
........ #g.# ..#
....... * #..###...#
....... * #.g......#
...... #..###...# ......
##.##....# ..#### #####
#.g.....# .....##
#...#####g.#####
.#....###...##..@g.....#
..............b.b......#
.###.............).....#
...........)...........#
.......................#
.....##................#
####..#.............####
##.#..........##.#
###.#..........##.##


You could see 3 gnolls and 2 bats.

Vanquished Creatures
  Jessica (D:2)
  A worm (D:2)
  4 ball pythons
  6 endoplasms (D:1)
  2 giant cockroaches
  3 goblins
  7 hobgoblins
  7 jackals (D:1)
  6 bats
  A frilled lizard (D:2)
  3 kobolds (D:1)
  4 rats (D:1)
45 creatures vanquished.

Notes
Turn   | Place    | Note
-------+----------+-------------------------------------------
     0 | D:1      | Xavori the Octopode Chaos Knight began the quest for the
                  | Orb.
     0 | D:1      | Reached XP level 1. HP: 16/16 MP: 1/1
     2 | D:1      | XOM: divination: detect items
    75 | D:1      | Reached XP level 2. HP: 16/21 MP: 2/2
   229 | D:1      | Reached XP level 3. HP: 26/26 MP: 3/3
   297 | D:1      | XOM: silly message
   784 | D:1      | XOM: divination: detect items
  1386 | D:2      | Noticed Jessica
  1391 | D:2      | Reached skill level 1 in Stealth
  1393 | D:2      | Killed Jessica
  1394 | D:2      | Reached XP level 4. HP: 30/32 MP: 4/4
  1928 | D:1      | XOM: silly message
  2024 | D:1      | XOM: silly message
  2439 | D:1      | XOM: god gift: dire flail {god gift}
  2595 | D:1      | XOM: give mutations
  2595 | D:1      | Gained mutation: You passively map a small area around you.
                  | [Xom's mischief]
  2595 | D:1      | Gained mutation: Your system is resistant to poisons.
                  | (rPois) [Xom's mischief]
  2717 | D:1      | XOM: summons 4 hostile shadow creatures
  3078 | D:1      | XOM: god gift: scroll labelled WEUQIA UMPUINE {god gift}
  3854 | D:1      | XOM: scenery: create altars
  4490 | D:1      | XOM is BORED!
  4490 | D:1      | XOM: summons 3 hostile demons
  4642 | D:2      | XOM: 3-stop teleportation journey
  4996 | D:1      | XOM: god gift: flail {god gift}
  5018 | D:1      | XOM: give mutations
  5018 | D:1      | Gained mutation: You are somewhat resistant to further
                  | mutation. [Xom's grace]
  5018 | D:1      | Gained mutation: Your muscles are strong. (Str +4, Int/Dex
                  | -1) [Xom's grace]
  5018 | D:1      | Lost mutation: You are somewhat resistant to further
                  | mutation. [Xom's grace]
  5018 | D:1      | Gained mutation: You have hidden genetic potential. [Xom's
                  | grace]
  5018 | D:1      | Gained mutation: You are robust. (+10% HP) [Xom's grace]
  6124 | D:1      | XOM: cloud trail
  6203 | D:1      | XOM: draining
  6395 | D:1      | XOM: silly message
  6956 | D:1      | XOM: silly message
  7021 | D:1      | XOM: scenery: summon butterflies
  7810 | D:1      | XOM is BORED!
  7810 | D:1      | XOM: give mutations
  7810 | D:1      | Gained mutation: Your muscles are very strong. (Str +8,
                  | Int/Dex -2) [Xom's mischief]
  7810 | D:1      | Lost mutation: Your system is resistant to poisons. (rPois)
                  | [Xom's mischief]
  8814 | D:1      | XOM: give mutation
  8814 | D:1      | Gained mutation: Your spells are a little harder to cast,
                  | but a little more powerful. [Xom's mischief]
  8819 | D:1      | XOM: silly message
  9497 | D:2      | Found Covinawoyn's Antique Weapon Boutique.
  9498 | D:2      | Found Luduuskof's General Store.
  9511 | D:2      | Reached skill level 4 in Short Blades
  9540 | D:2      | Bought a scroll of teleportation for 33 gold pieces
  9649 | D:2      | XOM: butterfly on damage
  9665 | D:2      | XOM: confuse monster(s)
  9945 | D:2      | HP: 1/30 [gnoll/+0 spear (7)]
  9945 | D:2      | Slain by a gnoll

Illustrated notes

Levels and vault maps discovered:
D:1:      matt_arrival_spirals, layout_rooms
D:2:      layout_rooms, serial_shops, nicolae_shop_waterfront, shop, shop,
          uniq_jessica

Skill      XL: |  1  2  3  4 |
---------------+-------------+-----
Stealth        | 1 2 |  2.0
Short Blades   | 4 |  4.0
Fighting       | |  3.6
Dodging        | |  2.8

Action                     |  1- 3 |  4- 6 || total
---------------------------+-------+-------++-------
  Melee: Short sword       |    62 |     1 ||    63
         Constrict         |    13 |     9 ||    22
         Tentacles         |    14 |     4 ||    18
         Dagger            |       |    19 ||    19
    Use: Scroll            |       |     1 ||     1
   Stab: Sleeping          |     3 |       ||     3
 Armour: Skin              |     4 |     8 ||    12
  Dodge: Dodged            |    31 |    25 ||    56
  Block: Tower shield      |       |    25 ||    25

Table legend: (Time is in decaauts)
 A = Elapsed time spent in this place.
 B = Non-inter-level travel time spent in this place.
 C = Inter-level travel time spent in this place.
 D = Time resting spent in this place.
 E = Time spent auto-exploring this place.
 F = Levels seen in this place.
 G = Mean time per level.
                   A        B        C        D        E       F      G
               +--------+--------+--------+--------+--------+-----+--------+
         Total |   9944 |   9930 |     14 |   9035 |    613 |   2 | 4972.0 |
       Dungeon |   9944 |   9930 |     14 |   9035 |    613 |   2 | 4972.0 |
               +--------+--------+--------+--------+--------+-----+--------+

Top non-repeatable levels by time:
     D:1: 9303 daAuts
     D:2: 641 daAuts
